 Dungeon Crawl Stone Soup version 0.18.1-6-gd335043 (webtiles) character file.

9 jacquesderrida the Charmwright (level 2, 11/22 HPs)
             Began as a Demonspawn Skald on May 15, 2016.
             Quit the game on level 1 of the Dungeon.
             The game lasted 00:00:14 (221 turns).

jacquesderrida the Charmwright (Demonspawn Skald)    Turns: 221, Time: 00:00:15

Health: 11/22      AC:  3    Str: 12    XL:     2   Next: 3%
Magic:  5/5        EV: 11    Int: 13    God:
Gold:   31         SH:  0    Dex: 12    Spells: 1 memorised, 4 levels left

rFire  . . .     SeeInvis .     a - +0 spear
rCold  . . .     Gourm    .     b - +0 leather armour
rNeg   . . .     Faith    .     (no shield)
rPois  .         Spirit   .     (helmet restricted)
rElec  .         Dismiss  .     (no cloak)
rCorr  .         Reflect  .     (no gloves)
SustAt .         Harm     .     (no boots)
MR     .....                    (no amulet)
Stlth  +.........               (no ring)
                                (no ring)

@: not resistant to hostile enchantments, very unstealthy
A: horns 1
a: no special abilities


You were on level 1 of the Dungeon.
You were not hungry.

You visited 1 branch of the dungeon, and saw 1 of its levels.

You collected 31 gold pieces.

Inventory:

Hand Weapons
 a - a +0 spear (weapon)
Armour
 b - a +0 leather armour (worn)
Jewellery
 i - a cursed ring of loudness {unknown}
Scrolls
 f - a scroll of noise {unknown}
 g - a scroll of remove curse {unknown}
 h - a scroll of immolation {unknown}
Potions
 e - 2 potions of agility {unknown}
 j - a potion of curing {unknown}
Books
 c - a book of Battle

   Spells                             Type                      Level
   a - Infusion                       Charms                       1
   b - Shroud of Golubria             Charms/Translocation         2
   c - Song of Slaying                Charms                       2
   d - Spectral Weapon                Hexes/Charms                 3
   e - Regeneration                   Charms/Necromancy            3
Comestibles
 d - a bread ration


   Skills:
 + Level 2.0 Fighting
 + Level 2.0 Polearms
 + Level 1.0 Armour
 + Level 0.8 Dodging
 + Level 2.0 Spellcasting
 + Level 3.0 Charms


You had 4 spell levels left.
You knew the following spells:

 Your Spells              Type           Power        Failure   Level  Hunger
a - Infusion              Chrm           #...         12%         1    ##.....


Dungeon Overview and Level Annotations

Branches:
Dungeon (1/15)

Altars:


Innate Abilities, Weirdness & Mutations

You have a pair of small horns on your head.


Message History

The hobgoblin is moderately wounded.
The hobgoblin closely misses you.
A hobgoblin is nearby!
You hit the hobgoblin but do no damage.
The hobgoblin is moderately wounded.
The hobgoblin hits you with a club.
A hobgoblin is nearby!
You barely miss the hobgoblin.
The hobgoblin is moderately wounded.
The hobgoblin hits you but does no damage.
A hobgoblin is nearby!
You hit the hobgoblin.
You kill the hobgoblin!
Your Charms skill increases to level 3!
You have reached level 2!
Your demonic ancestry asserts itself...
A pair of horns grows on your head!
Things that are here:
a club; a hobgoblin corpse Are you sure you want to abandon this character and quit the game? (Confirm with "yes".)

#.####...##.#. #.....
###.####...##.#. ##....
.......#........ .......#
#.....###.#. #.##.###
.#.†...###.#.. # #.##.
#...........# .# #....
#.........#.## . #....
#.........#.# #.. #.##.
...........#@#
#.>.#####.###
...###.....##.#
#............ ...
#.....##%####...##.##.##.
..
#...................#.##.
####.. ...............##.
###...........#.##. ##
#....#.##.##.
#............ #
#.>..########


There were no monsters in sight!

Vanquished Creatures
  A dart slug (D:1)
  A hobgoblin (D:1)
  A giant newt (D:1)
  3 kobolds (D:1)
  2 rats (D:1)
8 creatures vanquished.

Notes
Turn   | Place    | Note
--------------------------------------------------------------
     0 | D:1      | jacquesderrida the Demonspawn Skald began the quest for the Orb.
     0 | D:1      | Reached XP level 1. HP: 16/16 MP: 3/3
    52 | D:1      | Reached skill level 1 in Armour
   219 | D:1      | Reached skill level 3 in Charms
   219 | D:1      | Gained mutation: You have a pair of small horns on your head. [demonic ancestry]
   219 | D:1      | Reached XP level 2. HP: 11/22 MP: 5/5
   221 | D:1      | Quit the game

Skill      XL: |  1 |
---------------+----+-----
Armour         | 1 |  1.0
Polearms       | 2 |  2.0
Charms         | 3 |  3.0
Fighting       | |  2.0
Dodging        | |  0.8
Spellcasting   | |  2.0

Action                   || total
-------------------------++-------
Melee: Spear             ||    32
Armor: Leather armour    ||     3
Dodge: Dodged            ||     6
